Map: [TLMC15] Glittering Ashes

Players

AGOElazer (Elazer) - Winner!

  • Race: Zerg Zerg
  • League: Master

BlyOnFire (Bly)

  • Race: Zerg Zerg

VOD

Have the link to the VOD?

Description

Time

  • Played on: Oct. 21, 2021, 8:57 a.m.
  • Length: 7:37
Show
View Real Time Build Order
Export as new Build Order

AGOElazer Zerg - Winner!

Build Orders: Pool First, Roach Nydus 

Get SALT Encoding   

  12  0:00  Drone  
  13  0:12  Overlord  
  13  0:17  Drone  
  14  0:30  Drone x2  
  16  0:35  Drone  
  17  0:45  Drone, Extractor  
  17  0:49  Spawning Pool  
  16  0:55  Drone  
  17  1:06  Drone  
  18  1:16  Hatchery  
  17  1:21  Drone  
  18  1:36  Zergling x2  
  18  1:37  Queen  
  18  1:38  Zergling x2  
  22  1:52  Overlord  
  22  2:13  Drone x2  
  22  2:14  Queen  
  26  2:21  Drone  
  27  2:30  Drone  
  27  2:33  Drone  
  29  2:41  Overlord  
  29  2:44  Queen  
  29  2:46  Drone x3  
  29  2:49  Drone  
  29  2:50  Drone  
  35  3:00  Drone x2  
  35  3:03  Lair  
  37  3:08  Overlord  
  37  3:11  Evolution Chamber  
  36  3:14  Drone  
  36  3:19  Drone  
  38  3:26  Drone x4  
  42  3:29  Drone x3  
  45  3:38  Zerg Missile Weapons Level 1  
  45  3:43  Hatchery  
  45  3:46  Overlord  
  44  3:49  Drone, Extractor  
  44  3:51  Extractor  
  44  3:53  Drone x2  
  44  3:54  Drone  
  46  3:57  Drone x2  
  48  4:03  Roach Warren  
  48  4:04  Drone  
  48  4:06  Drone  
  49  4:11  Overlord  
  49  4:13  Drone x2  
  49  4:14  Drone  
  52  4:22  Overlord  
  52  4:27  Extractor  
  51  4:34  Overlord  
  51  4:35  Drone x3  
  54  4:39  Overseer  
  54  4:42  Glial Reconstitution  
  54  4:44  Roach x5  
  64  4:53  Spire  
  64  4:57  Queen  
  64  4:59  Nydus Network, Queen  
  67  5:04  Queen  
  69  5:15  Roach x4  
  69  5:16  Roach  
  79  5:26  Overlord  
  79  5:35  Roach x5  
  89  5:38  Nydus Canal  
  89  5:43  Queen x2  
  89  5:46  Queen  
  94  6:05  Nydus Canal  
  94  6:17  Roach x4  
  82  6:34  Roach x8  
  96  6:45  Queen  
  96  6:54  Spore Crawler  
  96  6:56  Spore Crawler  
  96  6:58  Roach x2  
  98  7:14  Overlord x3  
Show
View Real Time Build Order
Export as new Build Order

BlyOnFire Zerg 

Build Orders: Hatch First 

Get SALT Encoding   

  12  0:00  Drone  
  13  0:11  Overlord  
  13  0:18  Drone  
  14  0:30  Drone x2  
  16  0:47  Hatchery  
  15  0:51  Drone  
  15  0:54  Drone  
  17  0:57  Drone  
  18  1:08  Extractor  
  17  1:13  Spawning Pool  
  17  1:16  Drone  
  17  1:19  Drone  
  18  1:27  Drone  
  19  1:38  Drone  
  20  1:48  Overlord  
  20  2:00  Queen x2  
  24  2:01  Zergling x2  
  24  2:04  Zergling x2  
  26  2:18  Drone x2  
  26  2:21  Drone, Overlord  
  29  2:35  Queen  
  29  2:37  Extractor  
  30  2:39  Drone x2  
  33  2:44  Overlord  
  33  2:48  Drone  
  34  2:53  Overlord  
  34  2:55  Drone  
  34  2:56  Lair  
  35  3:02  Evolution Chamber  
  34  3:06  Roach Warren  
  34  3:09  Drone  
  34  3:10  Drone  
  35  3:16  Drone x2  
  37  3:20  Drone x2  
  37  3:25  Drone x2  
  40  3:27  Drone  
  40  3:31  Drone  
  40  3:33  Extractor  
  41  3:37  Drone x2  
  42  3:41  Zerg Melee Weapons Level 1  
  42  3:42  Drone, Extractor  
  42  3:45  Extractor  
  41  3:51  Drone x2  
  41  3:52  Drone  
  41  3:53  Drone  
  45  4:00  Drone x2  
  47  4:03  Spire  
  47  4:05  Overlord  
  46  4:15  Drone x3  
  49  4:19  Overlord  
  49  4:21  Drone  
  50  4:37  Hatchery  
  49  4:41  Metabolic Boost  
  49  4:46  Drone x4  
  49  4:47  Drone  
  49  4:48  Overseer  
  54  5:00  Zergling x16  
  62  5:15  Mutalisk  
  62  5:16  Mutalisk x4  
  72  5:26  Mutalisk x2  
  76  5:34  Overlord x2  
  76  5:38  Spine Crawler  
  76  5:39  Spine Crawler x2  
  73  5:48  Mutalisk x2  
  77  5:51  Queen  
  77  5:57  Zergling x14  
  84  6:14  Mutalisk  
  84  6:15  Mutalisk x2  
  75  6:27  Mutalisk  
  75  6:29  Zergling x22  
  78  6:37  Roach x2  
  68  6:46  Zergling x6  
  63  6:54  Mutalisk  
  63  6:55  Mutalisk  
  63  7:15  Roach x5  
Tags
 
Add a new tag
Caveats
  • Supply blocks, unpowered buildings, or Contaminate may cause inaccurate times.
  • Supply counts are checked every 10 seconds.